 Dungeon Crawl Stone Soup version 0.25.1-1-g288607f5aa (webtiles) character file.

Game seed: 10562160671178889651

11380 Elvor the Fighter (level 11, -32/156 HPs)
             Began as a Minotaur Hunter on July 21, 2020.
             Was a High Priest of Okawaru.
             Killed by refrigeration
             ... invoked by Fannar
              (40 damage)
             ... on level 10 of the Dungeon.
             The game lasted 02:00:57 (10729 turns).

Elvor the Fighter (Minotaur Hunter)                Turns: 10729, Time: 02:00:57

Health: -32/156    AC: 19    Str: 20    XL:     11   Next: 48%
Magic:  10/10      EV:  7    Int:  8    God:    Okawaru [*****.]
Gold:   591        SH:  5    Dex: 11    Spells: 10/10 levels left

rFire    + . .     SeeInvis .   b - +7 Singing Sword {vorpal, sonic wave}
rCold    x . .     Gourm    .   H - +0 buckler
rNeg     . . .     Faith    .   p - +0 plate armour
rPois    .         Spirit   .   h - +1 hat
rElec    .         Reflect  .   x - +1 cloak
rCorr    .         Harm     .   P - +0 pair of gloves
MR       +....                  (no boots)
Stlth    ..........             (no amulet)
HPRegen  0.36/turn              k - ring of fire
MPRegen  0.12/turn              B - ring of protection from magic

@: berserking, very quick
A: retaliatory headbutt, horns 2
a: Heroism, Finesse, Renounce Religion


You were on level 10 of the Dungeon.
You worshipped Okawaru.
Okawaru was extremely pleased with you.
You were not hungry.

You visited 3 branches of the dungeon, and saw 12 of its levels.
You also visited: Bailey.

You collected 591 gold pieces.

Inventory:

Hand Weapons
 a - a +2 hand crossbow
 b - the +7 Singing Sword (weapon) {vorpal, sonic wave}
   (You found it on level 6 of the Dungeon)

   It inflicts extra damage upon your enemies.
 J - a +6 long sword
Missiles
 d - 85 bolts
 n - 4 boomerangs
 t - 6 atropa-tipped darts (quivered)
Armour
 h - a +1 hat (worn)
 p - a +0 plate armour (worn)
 x - a +1 cloak (worn)
 H - a +0 buckler (worn)
 P - a +0 pair of gloves (worn)
Jewellery
 k - a ring of fire (left hand)
 B - a ring of protection from magic (right hand)
Wands
 j - a wand of acid (12)
 o - a wand of iceblast (17)
 y - a wand of clouds (4)
 G - a wand of digging (7)
 L - a wand of disintegration (16)
 N - a wand of random effects (12)
 R - a wand of enslavement (5)
Scrolls
 c - a scroll of torment {unknown}
 e - 2 scrolls of magic mapping
 g - 3 scrolls of remove curse
 i - 3 scrolls of teleportation
 l - a scroll of amnesia {unknown}
 m - 3 scrolls of identify
 w - 3 scrolls of fear
 z - 3 scrolls of blinking {unknown}
 C - a scroll of silence {unknown}
 O - a scroll of enchant weapon
 S - a scroll of fog {unknown}
Potions
 r - 2 potions of stabbing
 s - 2 potions of berserk rage
 E - a potion of flight {unknown}
 F - 2 potions of brilliance {unknown}
 K - 3 potions of magic
 Q - 2 potions of curing
 U - a potion of ambrosia {unknown}
 W - 3 potions of might
Comestibles
 f - 27 rations
 q - 2 chunks of flesh


   Skills:
 * Level 12.0 Fighting
   Level 1.0(4.1) Short Blades
 + Level 7.1 Long Blades
 + Level 10.8 Crossbows
 + Level 0.7 Throwing
 * Level 10.3 Armour
 + Level 2.6 Dodging
 - Level 1.0 Stealth
 * Level 7.2 Shields


You had 10 spell levels left.
You didn't know any spells.
Your spell library contained the following spells:

 Spells                   Type           Power        Failure   Level  Hunger
 Beastly Appendage        Tmut           #.....       100%        1    ##.....
 Corona                   Hex            #......      100%        1    ##.....
 Foxfire                  Conj/Fire      #...         100%        1    ##.....
 Poisonous Vapours        Pois/Air       #.....       100%        2    ###....
 Slow                     Hex            #.......     100%        2    ###....
 Sticks to Snakes         Tmut           #.......     100%        2    ###....
 Conjure Flame            Conj/Fire      #.......     100%        3    ####...
 Inner Flame              Hex/Fire       #.......     100%        3    ####...
 Mephitic Cloud           Conj/Pois/Air  #.......     100%        3    ####...
 Portal Projectile        Hex/Tloc       #.....       100%        3    ####...
 Spider Form              Tmut/Pois      #.........   100%        3    ####...
 Cause Fear               Hex            #.........   100%        4    #####..
 Ice Form                 Ice/Tmut       #.......     100%        4    #####..
 Leda's Liquefaction      Hex/Erth       #.........   100%        4    #####..
 Sticky Flame             Conj/Fire      #.......     100%        4    #####..
 Blade Hands              Tmut           #.........   100%        5    ######.
 Fireball                 Conj/Fire      #.........   100%        5    ######.
 Freezing Cloud           Conj/Ice/Air   #.........   100%        6    #######
 Ring of Flames           Chrm/Fire      #.........   100%        7    #######


Dungeon Overview and Level Annotations

Branches:
Dungeon (10/15)            Temple (1/1) D:7            Lair (1/6) D:8
    Orc (0/2) D:10         Bailey (visited)

Altars:
Ashenzari
Cheibriados
Dithmenos
Elyvilon
Fedhas
Gozag
Hepliaklqana
Kikubaaqudgha
Makhleb
Nemelex Xobeh
Okawaru
Qazlal
Ru
Sif Muna
Trog
Uskayaw
Vehumet
Wu Jian
Xom
Yredelemnul
Zin
The Shining One

Shops:
D:5 (   D:6 (   D:7 %

Annotations:
D:9 3 runed translucent doors, brob1's ghost, novice DrTm
D:10 3 runed translucent doors, Fannar; Kuahazut's ghost, journeyman MiFi


Innate Abilities, Weirdness & Mutations

You reflexively headbutt those who attack you in melee.
You have a pair of horns on your head.


Message History

You miss Fannar.
Fannar is moderately wounded.
Fannar gestures wildly while chanting.
The ice beast hits you but does no damage.
You slice Fannar!!
The Screaming Sword shrieks, "FOUNTAINS OF BLOOD IN HONOUR OF THE FAIR BLADE!"
You send a blast of sound all around you.
The ice beasts and Fannar are blasted.
The ice beast is severely wounded.
The ice beast is moderately wounded.
The ice beast is heavily wounded.
Fannar is almost dead.
You headbutt Fannar, but do no damage.
Fannar is almost dead.
You hear a bellow! x2; You hear an angry hiss.
You hear a bellow!
You hear a shout! x7
Fannar gestures wildly while chanting.
Fannar drains the heat from the surrounding environment!
You feel a terrible chill!
You feel very cold.
You die...

## ## # (#. #. #(#
#..##†######.##############
#...e......................
##.##.#############.#######
e. ##.## #.# # ##
##(..######## #.# #
#....YYe@Y..# #.# #
#....######.# #.# # #.#.##
##.#####<# # # #.#.#
#......#.####### # #.#.#
#..###.......... #######
#.#.# #..#####.#######
....... #. ##........# #
######### #. ####...#######
# %........ #.......#


You could see Fannar (icy armour) and 3 ice beasts.

Vanquished Creatures
  A two-headed ogre (D:8)
  3 death yaks
  A tengu warrior (D:9)
  Sonja (D:10)
  Pikel (D:4)
  An orc knight (Bailey)
  Psyche (D:9)
  A centaur zombie (D:10)
  A troll (D:10)
  Grinder (D:2)
  A hippogriff (D:8)
  Sigmund (D:6)
  4 hogs (D:8)
  A human (D:8)
  A wyvern (D:10)
  Menkaure (D:6)
  A warg (D:10)
  A water moccasin (Lair:1)
  4 ice beasts
  4 orc warriors
  2 ogres
  A phantom (D:5)
  4 centaurs
  A crocodile (Lair:1)
  A wyvern zombie (D:10)
  2 bullfrogs
  A wyvern skeleton (D:7)
  5 scorpions
  3 wights (D:6)
  7 killer bees
  7 howler monkeys
  3 crimson imps
  A quasit (D:9)
  3 hounds
  A jelly (D:10)
  11 orc priests
  A bullfrog skeleton (D:7)
  Ijyb (D:2)
  Natasha (thrice) (D:3)
  2 iguanas
  7 orc wizards
  8 worker ants
  2 hell rats (D:8)
  Robin (D:2)
  3 worker ant zombies
  26 gnolls
  9 adders
  A howler monkey skeleton (D:5)
  3 river rats (D:8)
  4 shadow imps
  An ooze (D:3)
  2 adder skeletons
  2 adder zombies
  3 worms
  3 leopard geckos
  53 orcs
  10 giant cockroaches
  10 goblins
  22 hobgoblins
  2 jackals (D:3)
  9 quokkas
  3 ball pythons
  8 bats
  3 frilled lizards
  13 kobolds
  4 rats
  A fungus (D:6)
304 creatures vanquished.

Vanquished Creatures (others)
  An orc priest (D:6)
  An orc (D:6)
  A fungus (D:6)
3 creatures vanquished.

Grand Total: 307 creatures vanquished

Notes
Turn   | Place    | Note
-------+----------+-------------------------------------------
     0 | D:1      | Elvor the Minotaur Hunter began the quest for the Orb.
     0 | D:1      | Reached XP level 1. HP: 18/18 MP: 0/0
   554 | D:1      | Reached XP level 2. HP: 25/25 MP: 1/1
  1468 | D:2      | Reached skill level 3 in Fighting
  1814 | D:3      | Reached XP level 3. HP: 18/31 MP: 2/2
  1825 | D:3      | Reached skill level 1 in Armour
  1830 | D:3      | Noticed Ijyb
  1988 | D:3      | Noticed Robin
  1989 | D:3      | Paralysed by Ijyb for 5 turns
  2001 | D:2      | Paralysed by Ijyb for 7 turns
  2022 | D:2      | Killed Ijyb
  2022 | D:2      | Reached skill level 5 in Crossbows
  2022 | D:2      | Reached XP level 4. HP: 36/38 MP: 3/3
  2041 | D:2      | Reached skill level 1 in Stealth
  2056 | D:2      | Killed Robin
  2213 | D:3      | Noticed Grinder
  2390 | D:3      | Paralysed by Grinder for 6 turns
  2420 | D:2      | Paralysed by Grinder for 2 turns
  2424 | D:2      | Killed Grinder
  2424 | D:2      | Reached skill level 4 in Fighting
  2424 | D:2      | Reached skill level 1 in Short Blades
  2424 | D:2      | Reached XP level 5. HP: 38/47 MP: 4/4
  2424 | D:2      | Reached XP level 6. HP: 45/55 MP: 5/5
  2806 | D:3      | Noticed Natasha
  2808 | D:3      | Killed Natasha
  2925 | D:3      | Reached skill level 5 in Fighting
  2939 | D:3      | Reached skill level 1 in Long Blades
  2966 | D:3      | Found an iron altar of Okawaru.
  2974 | D:3      | Became a worshipper of Warmaster Okawaru
  3003 | D:3      | Noticed Natasha
  3013 | D:3      | Killed Natasha
  3118 | D:3      | Noticed Natasha
  3120 | D:3      | Killed Natasha
  3382 | D:4      | Reached XP level 7. HP: 57/61 MP: 6/6
  3424 | D:4      | Noticed Pikel
  3456 | D:4      | Killed Pikel
  3456 | D:4      | Reached * piety under Okawaru
  3456 | D:4      | Reached skill level 6 in Fighting
  3456 | D:4      | Reached skill level 5 in Armour
  3554 | D:4      | Reached XP level 8. HP: 63/70 MP: 7/7
  3668 | D:4      | Found a hide-covered altar of Uskayaw.
  3672 | D:4      | Found an ornate altar of the Wu Jian Council.
  3673 | D:4      | Found a snail-covered altar of Cheibriados.
  3802 | D:5      | Entered Level 5 of the Dungeon
  4118 | D:5      | Found Moso's Antique Weapon Boutique.
  4210 | D:5      | Reached skill level 7 in Fighting
  4637 | D:5      | Reached ** piety under Okawaru
  5013 | D:6      | Found Xinia's Weapon Shoppe.
  5116 | D:6      | Noticed Menkaure
  5125 | D:6      | Killed Menkaure
  5125 | D:6      | Reached skill level 1 in Shields
  5353 | D:6      | Reached skill level 8 in Fighting
  5436 | D:6      | Reached XP level 9. HP: 64/81 MP: 8/8
  5498 | D:6      | Found the +7 Singing Sword {vorpal, sonic wave}
  5724 | D:6      | Found an opulent altar of Gozag.
  5759 | D:6      | Noticed Sigmund
  5766 | D:6      | Killed Sigmund
  5896 | D:6      | Reached *** piety under Okawaru
  6078 | D:7      | Found a sacrificial altar of Ru.
  6219 | D:7      | Found a hazy altar of Hepliaklqana.
  6293 | D:7      | Found a staircase to the Ecumenical Temple.
  6471 | Temple   | Entered the Ecumenical Temple
  6702 | D:7      | Reached skill level 9 in Fighting
  6778 | D:7      | Found Lalemued's Food Emporium.
  6950 | D:8      | Found an ancient bone altar of Kikubaaqudgha.
  7003 | D:8      | Noticed a death yak
  7022 | D:8      | Killed a death yak
  7022 | D:8      | Reached **** piety under Okawaru
  7022 | D:8      | Received a gift from Okawaru
  7022 | D:8      | Reached XP level 10. HP: 48/92 MP: 9/9
  7033 | D:8      | Noticed a death yak
  7046 | D:8      | Noticed a death yak
  7059 | D:7      | Killed a death yak
  7059 | D:7      | Reached skill level 10 in Crossbows
  7059 | D:7      | Reached skill level 5 in Shields
  7352 | D:8      | Received a gift from Okawaru
  7352 | D:8      | Reached skill level 10 in Fighting
  7623 | D:8      | Killed a death yak
  7623 | D:8      | Reached skill level 5 in Long Blades
  7662 | D:8      | Noticed a two-headed ogre
  7703 | D:8      | Found a staircase to the Lair.
  7801 | D:8      | Received a gift from Okawaru
  7917 | D:8      | Killed a two-headed ogre
  7917 | D:8      | Reached ***** piety under Okawaru
  8014 | D:8      | Reached skill level 11 in Fighting
  8073 | Lair:1   | Entered Level 1 of the Lair of Beasts
  8251 | D:9      | Found a flagged portal.
  8268 | Bailey   | Entered a bailey
  8666 | Bailey   | Reached XP level 11. HP: 85/102 MP: 10/10
  8693 | Bailey   | Noticed an orc knight
  8715 | Bailey   | Killed an orc knight
  8715 | Bailey   | Received a gift from Okawaru
  9505 | D:9      | Found a runed translucent gate.
  9506 | D:9      | Found a runed translucent gate.
  9507 | D:9      | Found a runed translucent gate.
  9545 | D:9      | Noticed brob1's ghost (novice DrTm)
 10229 | D:10     | Entered Level 10 of the Dungeon
 10229 | D:10     | Noticed Psyche
 10235 | D:9      | Killed Psyche
 10255 | D:10     | Noticed a tengu warrior
 10271 | D:9      | Killed a tengu warrior
 10271 | D:9      | Reached skill level 10 in Armour
 10461 | D:10     | Received a gift from Okawaru
 10510 | D:10     | Noticed Sonja
 10530 | D:10     | Found a staircase to the Orcish Mines.
 10538 | D:10     | Killed Sonja
 10646 | D:10     | Found a runed translucent gate.
 10646 | D:10     | Found a runed translucent gate.
 10646 | D:10     | Found a runed translucent gate.
 10646 | D:10     | Noticed Kuahazut's ghost (journeyman MiFi)
 10684 | D:10     | Reached skill level 12 in Fighting
 10706 | D:10     | Noticed Fannar
 10726 | D:10     | HP: 7/156 [ice beast[Fannar] (15)]
 10729 | D:10     | Killed from afar by Fannar

Illustrated notes

Levels and vault maps discovered:
D:1:      elethiomel_arrival_infinity_welcomes_careful_drivers,
          layout_loops_corners, nrook_campfire, chequers_serial_rivers_small_b,
          corexii_hall_statues_x
D:2:      layout_basic, first_ration
D:3:      layout_rooms, okawaru_altar_gauntlet_db,
          minmay_randomly_rotated_circles, uniq_grinder, uniq_natasha,
          uniq_robin, uniq_ijyb
D:4:      layout_cave_pools, minitemple, hangedman_decor_push,
          kennysheep_minor_cross, uniq_pikel
D:5:      layout_gridville, serial_shops, nicolae_shop_statue_plus
D:6:      old_forge, layout_basic, serial_shops, shop, grunt_gozag_statues,
          uniq_menkaure, uniq_sigmund
D:7:      layout_cave_pools, nicolae_ru_the_path_less_chosen,
          minmay_temple_entry_nine_rooms, serial_shops, shop_statue,
          serial_park, serial_park_gazebo [serial_park_minivault_5x5_5],
          serial_park_avenue1
D:8:      layout_cave_pools, overflow_temple_1_default, dpeg_lair_monsters,
          grunt_livestock, patterned_corridor
D:9:      layout_grid_maze, enter_bailey_2, gammafunk_ghost_necromancy
D:10:     layout_loops_ring, david_orc_3, gammafunk_ghost_spectres, uniq_fannar,
          uniq_sonja, uniq_psyche
Temple:   nicolae_temple_elliptical
Lair:1:   layout_regular_city, st_stairs_6

Skill      XL: |  1  2  3  4  5  6  7  8  9 10 11 |
---------------+----------------------------------+-----
Fighting       | 3 4 5 6 8 9 11 12 | 12.0
Armour         | 1 2 4 5 6 7 9 10 | 10.3
Crossbows      | 5 6 7 8 9 10 | 10.8
Stealth        | 1 |  1.0
Short Blades   | 1 |  1.0
Long Blades    | 1 3 4 6 7 |  7.1
Shields        | 1 4 6 7 |  7.2
Throwing       | |  0.7
Dodging        | |  2.6

Action                   |  1- 3 |  4- 6 |  7- 9 | 10-12 || total
-------------------------+-------+-------+-------+-------++-------
Melee: Short sword       |    22 |       |       |       ||    22
       Falchion          |    17 |    44 |   123 |       ||   184
       Headbutt          |     1 |     8 |    36 |    23 ||    68
       Double sword      |       |       |    27 |   107 ||   134
       Long sword        |       |       |       |     1 ||     1
 Fire: Hand crossbow     |    42 |    92 |   282 |   182 ||   598
Throw: Dart              |     2 |     3 |     1 |     2 ||     8
Evoke: Wand              |       |       |     1 |       ||     1
  Use: Scroll            |       |     7 |     3 |     7 ||    17
       Potion            |       |       |     1 |    13 ||    14
  Eat: Chunk             |     3 |     5 |     8 |     1 ||    17
       Ration            |       |       |     1 |     3 ||     4
Armor: Plate armour      |    72 |    77 |   140 |    96 ||   385
Dodge: Dodged            |    21 |    30 |    65 |    64 ||   180
Block: Buckler           |       |       |     8 |    40 ||    48
       Rpst.: Falchion   |       |     4 |    14 |       ||    18
       Double sword      |       |       |     1 |     8 ||     9
